 Dungeon Crawl Stone Soup version 0.24-a0-358-g53aee78b01 (webtiles) character file.

Game seed: 15067786238142772802

403 HAL9000 the Cutter (level 6, -5/30 HPs)
             Began as a Vine Stalker Assassin on May 25, 2019.
             Slain by an iguana (12 damage)
             ... on level 4 of the Dungeon.
             The game lasted 00:08:09 (2952 turns).

HAL9000 the Cutter (Vine Stalker Assassin)          Turns: 2952, Time: 00:08:10

Health: -5/30      AC:  6    Str: 15    XL:     6   Next: 86%
Magic:  0/7        EV: 11    Int: 12    God:
Gold:   130        SH:  0    Dex: 15    Spells: 5/5 levels left

rFire    . . .     SeeInvis .   a - +2 dagger
rCold    . . .     Gourm    .   (no shield)
rNeg     . . .     Faith    .   e - +2 robe {MR+}
rPois    .         Spirit   +   y - +0 helmet
rElec    .         Reflect  .   c - +0 cloak
rCorr    .         Harm     .   (no gloves)
MR       ++...                  (no boots)
Stlth    +++.......             (no amulet)
HPRegen  0.50/turn              s - ring of protection from magic
MPRegen  0.10/turn              (no ring)

@: no status effects
A: fangs 2, regeneration 1, magic shield, antimagic bite, no potion heal 3, rot
immunity
a: no special abilities


You were on level 4 of the Dungeon.
You were not hungry.

You visited 1 branch of the dungeon, and saw 4 of its levels.

You collected 130 gold pieces.

Inventory:

Hand Weapons
 a - a +2 dagger (weapon)
Missiles
 d - 8 poisoned darts
 t - a curare-tipped dart (quivered)
 v - a throwing net
 A - 3 javelins
Armour
 c - a +0 cloak (worn)
 e - a +2 robe of magic resistance (worn)
 y - a +0 helmet (worn)
Jewellery
 s - a ring of protection from magic (left hand)
Scrolls
 i - 2 scrolls of fear {unknown}
 k - a scroll of blinking {unknown}
 n - 2 scrolls of fog {unknown}
 o - 3 scrolls of teleportation
 q - a scroll of enchant weapon {unknown}
 u - a scroll of random uselessness {unknown}
 x - 2 scrolls of remove curse {unknown}
Potions
 b - a potion of flight
 j - a potion of lignification
 l - a potion of cancellation
 m - 2 potions of resistance
 p - 2 potions of magic {unknown}
 r - a potion of invisibility {unknown}
 w - a potion of curing {unknown}
Comestibles
 f - 11 rations
 g - a chunk of flesh


   Skills:
 - Level 1.7 Fighting
 + Level 6.5 Short Blades
 - Level 1.7 Throwing
 - Level 0.7 Dodging
 - Level 4.8 Stealth


You had 5 spell levels left.
You didn't know any spells.
Your spell library was empty.

Dungeon Overview and Level Annotations

Branches:
Dungeon (4/15)
 Temple: D:4-7

Altars:
Fedhas
Qazlal
Xom


Innate Abilities, Weirdness & Mutations

You have extremely sharp teeth.
Your natural rate of healing is unusually fast.
When hurt, damage is shared between your health and your magic reserves.
Your bite disrupts and absorbs the magic of your enemies.
Potions cannot restore your health.
You are immune to rotting.


Message History

The iguana is moderately wounded.
The iguana bites you.
You closely miss the iguana.
The iguana is moderately wounded.
You closely miss the iguana. You bite the iguana. You drain its power.
You feel invigorated.
The iguana is moderately wounded.
The iguana bites you!
You hit the iguana. You bite the iguana, but do no damage.
The iguana is heavily wounded.
The iguana bites you!
You are too injured to fight recklessly!
You are too injured to fight recklessly!
You are too injured to fight recklessly!
The iguana bites you!
* * * LOW HITPOINT WARNING * * *
You hit the iguana but do no damage. Your bite misses the iguana.
The iguana is heavily wounded.
The iguana bites you!
You die...

#.# #.# #.# #.# #<#
#.####### #.##≈≈≈≈#
##############.##≈≈≈≈#
..........l@....'≈≈≈≈+
#...##..######.##≈≈≈≈#
#...##..##......#≈≈≈≈#
........######.#######
...>##..######...#
##...............#
#..###.########.#
#.............$....
#...###.##.#####..##


You could see an iguana.

Vanquished Creatures
  Sigmund (D:2)
  Crazy Yiuf (D:2)
  Natasha (thrice) (D:3)
  Robin (D:3)
  5 adders
  2 dart slugs (D:1)
  2 leopard geckos
  3 orcs (D:3)
  2 ball pythons (D:3)
  11 bats
  7 giant cockroaches
  15 goblins
  13 hobgoblins
  2 jackals (D:3)
  2 frilled lizards
  7 kobolds
  25 rats
102 creatures vanquished.

Notes
Turn   | Place    | Note
-------+----------+-------------------------------------------
     0 | D:1      | HAL9000 the Vine Stalker Assassin began the quest for the
                  | Orb.
     0 | D:1      | Reached XP level 1. HP: 11/11 MP: 2/2
    18 | D:1      | Reached skill level 2 in Short Blades
    41 | D:1      | Reached XP level 2. HP: 5/15 MP: 1/3
   554 | D:1      | Reached skill level 3 in Short Blades
   572 | D:1      | Reached XP level 3. HP: 14/18 MP: 4/4
   678 | D:1      | You fall into a shaft and drop 1 floor!
   740 | D:2      | Found a runed translucent door.
   741 | D:2      | Noticed Crazy Yiuf
   746 | D:2      | Killed Crazy Yiuf
   746 | D:2      | Gained mutation: Your natural rate of healing is unusually
                  | fast. [Vine Stalker growth]
   746 | D:2      | Reached XP level 4. HP: 20/23 MP: 3/5
  1059 | D:2      | Reached skill level 4 in Short Blades
  1225 | D:2      | Noticed Sigmund
  1295 | D:2      | Killed Sigmund
  1295 | D:2      | Reached skill level 5 in Short Blades
  1295 | D:2      | Reached XP level 5. HP: 20/26 MP: 4/6
  1600 | D:2      | Reached XP level 6. HP: 30/30 MP: 7/7
  1648 | D:2      | Found a shimmering altar of Xom.
  1648 | D:2      | Found a blossoming altar of Fedhas.
  1986 | D:3      | Noticed Robin
  2029 | D:3      | Killed Robin
  2349 | D:3      | Reached skill level 6 in Short Blades
  2403 | D:3      | Noticed Natasha
  2406 | D:3      | Killed Natasha
  2681 | D:3      | Noticed Natasha
  2693 | D:3      | Killed Natasha
  2776 | D:3      | Noticed Natasha
  2783 | D:3      | Killed Natasha
  2858 | D:3      | Found a stormy altar of Qazlal.
  2952 | D:4      | Slain by an iguana

Levels and vault maps discovered:
D:1:      erik_arrival_orb_chamber, layout_loops_ring
D:2:      layout_loops_cross, gammafunk_temple_overflow_pools,
          uniq_crazy_yiuf_cottage, uniq_sigmund
D:3:      layout_loops_cross, nicolae_overflow_hidden_temple, first_ration,
          uniq_natasha, uniq_robin
D:4:      layout_basic, serial_rivers, chequers_serial_rivers_small_a,
          chequers_serial_rivers_marsh, chequers_serial_rivers_room_b,
          chequers_serial_rivers_room_b

Skill      XL: |  1  2  3  4  5  6 |
---------------+-------------------+-----
Short Blades   | 2 3 5 6 |  6.5
Fighting       | |  1.7
Throwing       | |  1.7
Dodging        | |  0.7
Stealth        | |  4.8

Action                   |  1- 3 |  4- 6 || total
-------------------------+-------+-------++-------
Melee: Dagger            |    52 |   180 ||   232
       Bite              |    10 |    46 ||    56
Throw: Dart              |     2 |     2 ||     4
  Use: Scroll            |       |     5 ||     5
 Stab: Sleeping          |    10 |    20 ||    30
  Eat: Chunk             |       |     6 ||     6
Armor: Robe              |    11 |    32 ||    43
Dodge: Dodged            |    29 |    75 ||   104

Table legend:
 A = Non-vault XP
 B = Vault XP
 C = Vault XP percentage of total XP
 D = Non-vault monster count
 E = Vault monster count
 F = Vault count percentage of total count
                 A         B        C        D         E       F
            +---------+---------+-------+---------+---------+-------
      Total |     256 |     320 |  55.6 |      75 |      27 |  26.5
            +---------+---------+-------+---------+---------+-------
        D:1 |      44 |      12 |  21.4 |      24 |      12 |  33.3
        D:2 |      43 |     237 |  84.6 |      18 |       2 |  10.0
        D:3 |     169 |      71 |  29.6 |      33 |      13 |  28.3
            +---------+---------+-------+---------+---------+-------
